Map: Year Zero LE

Players

AndyMills - Winner!

  • Race: Protoss Protoss
  • League: Gold
  • Spawn Location: 11:00

Legion

  • Race: Protoss Protoss
  • League: Gold
  • Spawn Location: 1:00

VOD

Have the link to the VOD?

Description

Time

  • Played on: Jan. 31, 2019, 11:05 p.m.
  • Length: 16:53
Show
View Real Time Build Order
Export as new Build Order

AndyMills Protoss - Winner!

Build Orders:  

Get SALT Encoding   

  12  0:02  Probe  
  13  0:14  Probe  
  14  0:26  Probe, Pylon  
  15  0:44  Probe  
  16  0:57  Gateway  
  16  1:03  Gateway  
  16  1:05  Probe  
  17  1:13  Probe  
  18  1:50  Cybernetics Core  
  18  1:53  Probe  
  18  1:55  Nexus  
  18  2:01  Probe  
  20  2:10  Probe  
  21  2:18  Assimilator  
  21  2:22  Assimilator  
  21  2:23  Probe  
  22  2:33  Pylon  
  22  2:35  Probe  
  23  2:40  Pylon  
  23  2:46  Adept  
  24  2:51  Probe  
  24  2:55  Adept  
  28  3:03  Warp Gate  
  28  3:06  Probe  
  28  3:10  Probe  
  29  3:14  Probe  
  29  3:18  Probe  
  31  3:23  Probe  
  33  3:27  Probe  
  33  3:28  Stalker x2  
  33  3:32  Probe  
  38  3:40  Probe  
  40  3:44  Probe  
  41  3:49  Gateway  
  41  3:52  Probe  
  41  3:53  Gateway  
  42  3:56  Probe  
  43  4:04  Probe  
  44  4:17  Stalker x2  
  42  4:31  Probe  
  45  4:40  Assimilator  
  45  4:42  Assimilator  
  45  4:43  Probe  
  46  4:46  Probe  
  46  4:51  Stalker  
  46  4:52  Stalker  
  51  4:55  Probe  
  51  4:58  Probe  
  53  5:07  Probe  
  54  5:16  Pylon  
  54  5:19  Pylon  
  54  5:20  Pylon  
  54  5:22  Pylon  
  54  5:28  Pylon  
  54  5:32  Pylon  
  54  5:34  Probe x2  
  56  5:39  Gateway  
  56  5:41  Gateway  
  56  5:43  Gateway  
  56  5:44  Gateway  
  56  5:49  Shield Battery  
  56  5:51  Shield Battery  
  56  5:52  Stalker x2  
  56  5:53  Stalker x2  
  50  6:15  Stalker x2  
  50  6:16  Stalker x2  
  46  6:35  Stalker  
  46  6:36  Stalker x3  
  52  6:43  Stalker x4  
  53  7:02  Stalker x3  
  53  7:03  Stalker  
  59  7:13  Stalker  
  59  7:14  Stalker  
  59  7:15  Stalker  
  55  7:25  Stalker x2  
  53  7:36  Stalker x2  
  53  7:52  Pylon  
  53  7:54  Shield Battery  
  53  7:55  Stalker x2  
  53  7:56  Shield Battery  
  57  8:06  Sentry  
  57  8:10  Stalker x2  
  57  8:11  Stalker  
  65  8:20  Stalker x2  
  69  8:40  Nexus  
  69  8:45  Forge  
  69  8:55  Stalker x2  
  69  8:56  Stalker  
  75  9:11  Stalker x3  
  81  9:28  Probe x2  
  81  9:36  Probe  
  81  9:37  Probe  
  83  9:42  Pylon  
  83  9:43  Pylon  
  83  9:44  Stalker x3  
  83  9:45  Protoss Ground Weapons Level 1  
  91  9:53  Stalker x2  
  91  9:57  Probe  
  95  10:01  Probe x2  
  98  10:11  Stalker  
  98  10:13  Probe x2  
  102  10:22  Twilight Council  
  102  10:30  Robotics Facility  
  102  10:32  Robotics Facility  
  102  10:35  Stalker x3  
  108  10:46  Blink  
  108  10:51  Assimilator  
  108  11:00  Stalker x3  
  108  11:01  Stalker x3  
  120  11:11  Immortal  
  120  11:12  Immortal  
  120  11:13  Protoss Ground Weapons Level 2  
  128  11:31  Pylon  
  128  11:33  Shield Battery  
  128  11:41  Probe  
  129  11:49  Stalker x5  
  139  12:11  Pylon  
  139  12:14  Pylon  
  139  12:18  Pylon  
  139  12:23  Immortal  
  143  12:36  Immortal  
  143  12:43  Nexus  
  143  12:45  Pylon  
  143  12:47  Pylon  
  143  12:48  Pylon  
  147  12:58  Immortal  
  151  13:22  Stalker x7  
  151  13:23  Stalker  
  167  13:27  Immortal  
  167  13:28  Immortal  
  167  13:33  Protoss Ground Weapons Level 3  
  153  14:23  Stalker x5  
  153  14:24  Stalker x3  
  125  14:50  Stalker x5  
  125  14:51  Stalker x3  
  125  15:14  Stalker x2  
  125  15:15  Stalker x6  
  141  15:38  Stalker  
  141  15:39  Stalker x7  
  157  15:44  Immortal  
  157  15:49  Immortal  
  155  16:35  Stalker x6  
  155  16:36  Stalker x2  
Show
View Real Time Build Order
Export as new Build Order

Legion Protoss 

Build Orders:  

Get SALT Encoding   

  12  0:01  Probe  
  13  0:13  Probe  
  14  0:23  Pylon  
  14  0:25  Probe  
  15  0:38  Probe  
  16  0:43  Gateway  
  16  0:46  Probe  
  16  0:51  Assimilator  
  16  0:55  Probe  
  18  1:07  Probe  
  19  1:19  Probe  
  19  1:20  Assimilator, Gateway  
  20  1:28  Zealot  
  20  1:31  Probe  
  23  1:43  Pylon  
  23  2:01  Probe  
  24  2:07  Cybernetics Core  
  24  2:13  Probe  
  24  2:23  Warp Gate  
  24  2:25  Probe  
  25  2:37  Probe  
  26  2:47  Gateway  
  26  2:48  Gateway, Robotics Facility, Pylon  
  26  2:49  Probe  
  27  2:52  Stalker  
  29  3:00  Stalker  
  31  3:11  Probe  
  32  3:28  Stalker  
  34  3:37  Pylon  
  34  3:38  Pylon  
  34  3:40  Immortal  
  38  3:55  Stalker  
  38  3:56  Stalker  
  42  4:03  Stalker  
  42  4:25  Immortal  
  42  4:29  Stalker  
  48  4:39  Probe  
  48  4:43  Stalker  
  48  4:45  Stalker  
  53  4:53  Stalker  
  55  5:01  Pylon  
  55  5:11  Immortal  
  55  5:20  Pylon  
  59  5:32  Stalker  
  61  5:37  Zealot  
  53  6:15  Stalker x4  
  59  6:27  Immortal  
  55  6:53  Nexus  
  39  7:26  Stalker  
  39  7:27  Stalker x2  
  45  7:36  Immortal  
  43  7:40  Probe  
  44  7:47  Stalker  
  42  7:52  Probe  
  43  8:04  Probe  
  44  8:07  Probe  
  44  8:12  Pylon  
  45  8:16  Assimilator  
  45  8:18  Probe  
  45  8:19  Probe  
  47  8:21  Pylon  
  47  8:30  Probe  
  47  8:32  Twilight Council  
  48  8:40  Probe  
  49  8:48  Pylon  
  49  8:53  Forge  
  49  8:57  Stargate  
  49  9:03  Stalker x2  
  49  9:05  Probe  
  49  9:08  Probe  
  55  9:17  Probe  
  56  9:26  Protoss Ground Weapons Level 1  
  56  9:31  Photon Cannon  
  56  9:34  Photon Cannon, Probe  
  56  9:37  Probe  
  58  9:45  Photon Cannon  
  58  9:46  Probe  
  58  9:51  Stalker  
  61  9:57  Probe  
  61  9:58  Assimilator  
  62  10:08  Templar Archives  
  62  10:14  Photon Cannon  
  62  10:19  Fleet Beacon  
  62  10:22  Immortal  
  66  10:52  Pylon  
  66  10:54  Shield Battery x2  
  67  11:09  Carrier  
  66  11:15  Protoss Shields Level 1  
  66  11:16  Observer  
  67  11:24  Stargate  
  73  11:26  Stargate  
  73  11:29  Blink, Protoss Air Weapons Level 1  
  73  11:30  Stalker  
  73  11:31  Forge  
  75  12:04  Stalker  
  75  12:06  Nexus  
  77  12:09  Pylon  
  77  12:11  Pylon  
  77  12:16  Pylon  
  77  12:17  Probe x2  
  79  12:23  Stalker x2  
  79  12:25  Protoss Ground Armor Level 1  
  79  12:29  Probe  
  84  12:39  Carrier  
  90  13:02  Assimilator  
  90  13:04  Assimilator  
  90  13:06  Shield Battery  
  90  13:10  Templar Archives  
  90  13:11  Photon Cannon  
  90  13:15  Probe  
  90  13:19  Probe x2  
  93  13:24  Protoss Air Weapons Level 2  
  93  13:26  Observer  
  94  13:29  Probe  
  94  13:31  Probe  
  94  13:33  Probe  
  97  13:37  Protoss Ground Weapons Level 2  
  97  13:44  Carrier  
  87  14:20  Stalker x4  
  79  14:50  Probe  
  76  14:53  Probe x2  
  78  15:02  Probe  
  78  15:05  Probe  
  80  15:13  Stalker x3  
  66  15:14  Probe  
  66  15:19  Stalker  
  68  15:23  Carrier x2  
  68  15:26  Probe  
  67  15:28  Pylon  
  67  15:32  Shield Battery  
  71  15:47  Stalker x2  
  71  15:48  Stalker  
  72  15:55  Immortal  
  72  16:04  Pylon  
  57  16:20  Zealot x2  
  57  16:23  Zealot  
  49  16:32  High Templar x2  
Tags
 
League
GoldGold
Matchup
PvP
Spawn Locations
Close Positions
Add a new tag
Caveats
  • Supply blocks, unpowered buildings, or Contaminate may cause inaccurate times.
  • Supply counts are checked every 10 seconds.